 Dungeon Crawl Stone Soup version 0.27-a0-1416-g941b2bd30b (webtiles) character file.

Game seed: 3507741888299607653

1 Wyvernaa the Skirmisher (level 1, 0/18 HPs)
             Began as a Demonspawn Fighter on July 2, 2021.
             Slain by a goblin (1 damage)
             ... on level 1 of the Dungeon.
             The game lasted 00:00:29 (58 turns).

Wyvernaa the Skirmisher (Demonspawn Fighter)          Turns: 58, Time: 00:00:31

Health: 0/18       AC:  6    Str: 16    XL:     1   Next: 16%
Magic:  1/1        EV:  6    Int:  9    God:
Gold:   10         SH:  8    Dex: 12    Spells: 0/0 levels left

rFire    . . .     SeeInvis .   a - +0 flail
rCold    . . .     Faith    .   c - +0 kite shield
rNeg     . . .     Spirit   .   b - +0 scale mail
rPois    .         Reflect  .   (no helmet)
rElec    .         Harm     .   (no cloak)
rCorr    .         Rampage  .   (no gloves)
Will     .....                  (no boots)
Stlth    ..........             (no amulet)
HPRegen  0.06/turn              (no ring)
MPRegen  0.07/turn              (no ring)

@: lethally poisoned (0 -> -18)
A: no striking features
a: no special abilities


You were on level 1 of the Dungeon.
You visited 1 branch of the dungeon, and saw 1 of its levels.

You collected 10 gold pieces.

Inventory:

Hand Weapons
 a - a +0 flail (weapon)
Armour
 b - a +0 scale mail (worn)
 c - a +0 kite shield (worn)
Potions
 d - a potion of might


   Skills:
 + Level 3.0 Fighting
 + Level 1.7 Maces & Flails
 + Level 2.7 Armour
 + Level 2.7 Shields


You couldn't memorise any spells.
You didn't know any spells.
Your spell library was empty.

Dungeon Overview and Level Annotations

Branches:
Dungeon (1/15)

Altars:


Message History

You hit the frilled lizard.
The frilled lizard is heavily wounded.
The frilled lizard bites you but does no damage.
You block the frilled lizard's attack.
You sock the frilled lizard!
You kill the frilled lizard!
No target in view!
No target in view!
No target in view!
No target in view!
Setting a skill training target for Maces & Flails at 14.0.
Setting a skill training target for Shields at 15.0.
HP restored.
You now have 10 gold pieces.
Found a stone staircase leading down.
Found 16 sling bullets.
A goblin comes into view. It is wielding a +2 dagger of venom.
The goblin shouts!
A goblin is nearby!
A quokka comes into view.
A quokka comes into view.
The goblin barely misses you.
You closely miss the goblin. The quokka barely misses you.
The goblin hits you with a +2 dagger of venom.
You are poisoned.
The quokka bites you.
The goblin hits you with a +2 dagger of venom.
You are more poisoned.
You are too injured to fight recklessly!
You are too injured to fight recklessly!
You are too injured to fight recklessly!
You are too injured to fight recklessly!
Okay, then.
You closely miss the goblin.
* * * LOW HITPOINT WARNING * * *
You feel extremely sick. You block the quokka's attack.
The goblin barely misses you. You block the quokka's attack.
The goblin hits you with a +2 dagger of venom.
You die...

.# .# ... ..# ....
#..# ..... #...
.... .r# r
#..#####g##..#.
##(..$..@r......
.##.>............#
......#..#.###.###
##.......## .#
......#.....##.#
...#..#........##
.. #............#
....##.........#
... ####......#


You could see 2 quokkas and a goblin.

Vanquished Creatures
  A ball python (D:1)
  A frilled lizard (D:1)
2 creatures vanquished.

Notes
Turn   | Place    | Note
-------+----------+-------------------------------------------
     0 | D:1      | Wyvernaa the Demonspawn Fighter began the quest for the
                  | Orb.
     0 | D:1      | Reached XP level 1. HP: 18/18 MP: 1/1
    58 | D:1      | Slain by a goblin

Illustrated notes

Levels and vault maps discovered:
D:1:      psy_arrival_conway, layout_rooms, hellmonk_ecumenical_altar_dog_temple

Action                   || total
-------------------------++-------
Melee: Flail             ||    13
Armor: Scale mail        ||    15
Dodge: Dodged            ||     8
Block: Kite shield       ||     9

Table legend: (Time is in decaauts)
 A = Elapsed time spent in this place.
 B = Non-inter-level travel time spent in this place.
 C = Inter-level travel time spent in this place.
 D = Time resting spent in this place.
 E = Time spent auto-exploring this place.
 F = Levels seen in this place.
 G = Mean time per level.
                   A        B        C        D        E       F      G
               +--------+--------+--------+--------+--------+-----+--------+
         Total |     66 |     66 |      0 |      0 |     39 |   1 |   66.0 |
       Dungeon |     66 |     66 |      0 |      0 |     39 |   1 |   66.0 |
               +--------+--------+--------+--------+--------+-----+--------+

Top non-repeatable levels by time:
     D:1: 66 daAuts
